 Dungeon Crawl Stone Soup version 0.29.0-10-g45618ea6d2 (webtiles) character file.

Game seed: 7413443584484279786

2419 xian the Spear-Bearer (level 9, -3/93 HPs)
             Began as an Ogre Berserker on Sept 2, 2022.
             Was an Elder of Trog.
             Slain by a killer bee (5 damage)
             ... on level 6 of the Dungeon.
             The game lasted 00:19:55 (4529 turns).

xian the Spear-Bearer (Ogre Berserker)              Turns: 4529, Time: 00:19:57

Health: -3/93      AC:  7    Str: 26    XL:     9   Next: 48%
Magic:  9/9        EV: 12    Int:  7    God:    Trog [****..]
Gold:   158        SH:  0    Dex: 15    Spells: 8/8 levels left

rFire   . . .      SeeInvis .   p - +4 scythe (freeze)
rCold   . . .      Faith    .   (shield currently unavailable)
rNeg    + . .      Spirit   .   b - +1 animal skin
rPois   +          Reflect  .   (helmet restricted)
rElec   .          Harm     .   F - +2 ratskin cloak {*Rats rPois rN+ Str-1 Int-1 Dex+1}
rCorr   .          Rampage  .   (gloves unavailable)
Will    .....                   (boots unavailable)
Stlth   ++........              k - amulet of regeneration
HPRegen 1.05/turn               d - +6 ring of dexterity
MPRegen 0.11/turn               j - +4 ring of slaying

@: lethally poisoned (-3 -> -4), on berserk cooldown, slowed, very slow
A: large, unfitting armour, tough skin 1
a: Renounce Religion, Berserk, Trog's Hand, Brothers in Arms


You were on level 6 of the Dungeon.
You worshipped Trog.
Trog was greatly pleased with you.
You visited 1 branch of the dungeon, and saw 6 of its levels.
You also visited: Sewer.

You collected 254 gold pieces.
You spent 96 gold pieces at shops.

Inventory:

Hand Weapons
 p - a +4 scythe of freezing (weapon)
 K - the +7 sling "Naonugu" {speed, Str-3 Int+3}
   (You found it on level 6 of the Dungeon)

   Attacks with this weapon are significantly faster.
   Str:       It affects your strength (-3).
   Int:       It affects your intelligence (+3).
Missiles
 z - a curare-tipped dart
 B - 6 atropa-tipped darts (quivered)
 C - 3 boomerangs
Armour
 b - a +1 animal skin (worn)
 F - the +2 ratskin cloak (worn) {*Rats rPois rN+ Str-1 Int-1 Dex+1}
   (You found it on level 5 of the Dungeon)

   When the wearer is hurt, rats may emerge from it to assist them.
   Str:       It affects your strength (-1).
   Int:       It affects your intelligence (-1).
   Dex:       It affects your dexterity (+1).
   rPois:     It protects you from poison.
   rN:        It protects you from negative energy.
Jewellery
 d - a +6 ring of dexterity (left hand)
 f - a ring of resist corrosion
 j - a +4 ring of slaying (right hand)
 k - an amulet of regeneration (around neck)
 m - a ring of willpower
Wands
 G - a wand of roots (8)
Scrolls
 e - a scroll of enchant armour
 g - 2 scrolls of teleportation
 i - 3 scrolls of vulnerability {unknown}
 o - a scroll of acquirement {unknown}
 s - a scroll of fear {unknown}
 t - 2 scrolls of brand weapon {unknown}
 y - a scroll of summoning {unknown}
 D - a scroll of blinking {unknown}
 E - a scroll of enchant weapon {unknown}
 H - 2 scrolls of identify
 I - a scroll of magic mapping
Potions
 a - a potion of invisibility {unknown}
 c - 4 potions of lignification
 h - 3 potions of heal wounds
 l - a potion of curing
 n - 2 potions of resistance
 q - a potion of mutation
 r - 2 potions of magic {unknown}
 u - 3 potions of berserk rage
 v - 2 potions of flight {unknown}
 w - 2 potions of haste {unknown}
 x - 2 potions of might {unknown}
 A - a potion of ambrosia {unknown}
 J - a potion of attraction {unknown}


   Skills:
 + Level 7.5 Fighting
 - Level 4.9(7.5) Axes
 * Level 8.8(9.4) Polearms
 * Level 0.7 Ranged Weapons
 * Level 2.2 Throwing
 + Level 5.0 Dodging
 + Level 2.0 Stealth


You had 8 spell levels left.
You didn't know any spells.
Your spell library contained the following spells:

 Spells                   Type           Power      Damage    Failure   Level
 Sting                    Tmut/Pois      0%         1d3       43%         1
 Poisonous Vapours        Pois/Air       0%         N/A       56%         2
 Scorch                   Fire           0%         2d5       56%         2
 Sublimation of Blood     Necr           0%         N/A       56%         2
 Frozen Ramparts          Ice            0%         1d1       80%         3
 Flame Wave               Conj/Fire      0%         2d4       99%         4
 Ice Form                 Ice/Tmut       0%         N/A       99%         4
 Olgreb's Toxic Radiance  Pois           0%         N/A       99%         4
 Petrify                  Tmut/Erth      0%         N/A       99%         4
 Summon Ice Beast         Ice/Summ       0%         N/A       99%         4
 Irradiate                Conj/Tmut      0%         3d11      100%        5
 Summon Cactus Giant      Summ           0%         N/A       100%        6
 Summon Hydra             Summ           0%         N/A       100%        7
 Maxwell's Capacitive Co  Air            0%         ∞         100%        8


Dungeon Overview and Level Annotations

Branches:
Dungeon (6/15)              Sewer (visited)
 Temple: D:4-7

Altars:
Makhleb
Okawaru

Shops:
D:1 *   D:6 *


Innate Abilities, Weirdness & Mutations

You are too large for most types of armour.
You have tough skin. (AC +1)


Message History

The killer bee poisons you!
You slice the killer bee!! You freeze the killer bee.
You kill the killer bee!
Trog accepts your kill.
You feel sick.
The killer bee stings you but does no damage.
The killer bee barely misses you. The killer bee stings you.
* * * LOW HITPOINT WARNING * * *
The killer bee stings you.
* * * LOW HITPOINT WARNING * * *
You closely miss the killer bee.
You feel sick. The killer bee misses you.
The killer bee stings you but does no damage. x3
Your hell rat barely misses the killer bee.
Your hell rat misses the killer bee.
Unknown command.
You barely miss the killer bee.
You are no longer berserk.
You are exhausted.
You feel yourself slow down.
You feel sick. The killer bee barely misses you. The killer bee stings you.
* * * LOW HITPOINT WARNING * * *
The killer bee stings you but does no damage.
The killer bee stings you.
* * * LOW HITPOINT WARNING * * *
Your hell rat misses the killer bee. x2; The killer bee barely misses you. x2
The killer bee completely misses you. x2
You puncture the killer bee! You freeze the killer bee.
You kill the killer bee!
Trog accepts your kill.
You feel sick.
The killer bee stings you but does no damage. x2
The killer bee closely misses you. The killer bee stings you!
* * * LOW HITPOINT WARNING * * *
The killer bee stings you but does no damage.
The killer bee barely misses you.
Your hell rat completely misses the killer bee.
The killer bee stings you.
* * * LOW HITPOINT WARNING * * *
The killer bee stings you.
You die...

#....########.######
#....# #......† #....#
##...... #....# #......
#....# #...... #....#####
#...... ##.........
........ #####...rr.####
##....... .......†@y..#
##...... .......y†y#.#
#####.
########).##..##########.
#..# #.....>...... #...
............ .∩...# ...
####. ..####..###.####..
..# ............#
##.......


You could see 3 killer bees and 2 friendly hell rats.

Vanquished Creatures
  Grinder (D:6)
  Sigmund (D:3)
  A water moccasin (D:6)
  Pargi (Sewer)
  2 ice beasts (D:5)
  An ogre (D:5)
  A phantom (D:4)
  A kobold brigand (D:4)
  6 scorpions
  3 killer bees (D:6)
  A hound (D:6)
  3 orc priests
  Crazy Yiuf (D:5)
  2 jellies
  An iguana (D:3)
  Terence (D:3)
  Natasha (thrice) (D:4)
  4 hell rats (D:5)
  2 orc wizards
  14 gnolls
  25 river rats
  6 adders
  2 shadow imps (D:5)
  3 worms
  4 dart slugs
  18 orcs
  4 bats
  6 endoplasms
  A giant cockroach (D:2)
  5 hobgoblins
  2 jackals (D:3)
  9 kobolds
  5 quokkas
  7 ball pythons
  8 frilled lizards
  8 goblins
  5 rats
168 creatures vanquished.

Notes
Turn   | Place    | Note
-------+----------+-------------------------------------------
     0 | D:1      | xian the Ogre Berserker began the quest for the Orb.
     0 | D:1      | Reached XP level 1. HP: 24/24 MP: 1/1
    43 | D:1      | Found Ruadebro's Assorted Antiques.
    98 | D:1      | Reached XP level 2. HP: 27/32 MP: 2/2
   777 | D:2      | Reached XP level 3. HP: 9/40 MP: 3/3
  1133 | D:2      | Found a faded altar of an unknown god.
  1504 | D:3      | Noticed a scorpion
  1507 | D:3      | Killed a scorpion
  1508 | D:3      | Reached XP level 4. HP: 49/49 MP: 4/4
  1511 | D:3      | Reached skill level 5 in Fighting
  1550 | D:3      | Got Sif Muna's Essays on Floating Allies
  1574 | D:3      | Noticed Sigmund
  1581 | D:3      | Killed Sigmund
  1582 | D:3      | Reached XP level 5. HP: 57/57 MP: 5/5
  1582 | D:3      | Reached XP level 6. HP: 66/66 MP: 6/6
  1916 | D:3      | Reached ** piety under Trog
  1928 | D:3      | Noticed Terence
  1932 | D:3      | Killed Terence
  1933 | D:3      | Reached skill level 1 in Polearms
  2273 | D:1      | Bought a viscous cyan potion for 18 gold pieces
  2273 | D:1      | Bought a scroll labelled SYKHLI DUAN for 20 gold pieces
  2273 | D:1      | Bought a scroll labelled LOOMIUS TAMI for 20 gold pieces
  2273 | D:1      | Bought a scroll labelled RANWERPH ASEUS for 20 gold pieces
  2273 | D:1      | Bought a murky orange potion for 18 gold pieces
  2363 | D:4      | Reached skill level 2 in Polearms
  2365 | D:4      | Reached XP level 7. HP: 74/74 MP: 7/7
  2559 | D:4      | Reached skill level 3 in Polearms
  2564 | D:4      | Found a glowing drain.
  2583 | Sewer    | Entered a sewer
  2597 | Sewer    | Noticed Pargi
  2604 | Sewer    | Killed Pargi
  2605 | Sewer    | Reached skill level 1 in Stealth
  2716 | D:4      | Reached skill level 4 in Polearms
  2782 | D:4      | Noticed Natasha
  2786 | D:4      | Killed Natasha
  2793 | D:4      | Found a burning altar of Makhleb.
  2805 | D:4      | Noticed an Executioner
  2809 | D:4      | Noticed a hellwing
  2809 | D:4      | Noticed a ynoxinul
  2835 | D:4      | Reached *** piety under Trog
  2911 | D:4      | Reached skill level 5 in Polearms
  2911 | D:4      | Reached XP level 8. HP: 77/83 MP: 8/8
  2969 | D:4      | You fall into a shaft and drop 1 floor!
  2969 | D:5      | Entered Level 5 of the Dungeon
  2993 | D:5      | Found an iron altar of Okawaru.
  3201 | D:4      | Noticed Natasha
  3206 | D:4      | Killed Natasha
  3207 | D:4      | Reached skill level 6 in Polearms
  3379 | D:4      | Noticed Natasha
  3386 | D:4      | Killed Natasha
  3767 | D:5      | Reached skill level 7 in Polearms
  3767 | D:5      | Reached skill level 1 in Throwing
  3840 | D:5      | Found a runed translucent door.
  3841 | D:5      | Noticed Crazy Yiuf
  3861 | D:5      | Killed Crazy Yiuf
  3988 | D:5      | Reached XP level 9. HP: 77/92 MP: 9/9
  4013 | D:5      | Reached **** piety under Trog
  4017 | D:5      | Reached skill level 8 in Polearms
  4021 | D:5      | Found the +2 ratskin cloak {*Rats rPois rN+ Str-1 Int-1
                  | Dex+1}
  4134 | D:6      | Noticed Grinder
  4371 | D:6      | Killed Grinder
  4372 | D:6      | Reached skill level 5 in Dodging
  4470 | D:6      | Identified the +7 sling "Naonugu" {speed, Str-3 Int+3}
  4493 | D:6      | Found Ulaibet's Assorted Antiques.
  4529 | D:6      | HP: 2/93 [killer bee (4)]
  4529 | D:6      | Slain by a killer bee

Illustrated notes

Levels and vault maps discovered:
D:1:      minmay_arrival_radiant_lines, layout_loops_ring, serial_shops,
          nicolae_shop_trees, minmay_tromino_v7
D:2:      layout_rooms, ebering_ecumenical_altar_abandoned
D:3:      layout_loops_ring, uniq_sigmund, uniq_terence
D:4:      layout_basic, makhleb_altar_promises_db, portal_sewer_entry_b,
          uniq_natasha
D:5:      wander_guarded_unrand_ratskin, layout_basic, minmay_ruined_shrine,
          uniq_crazy_yiuf_cottage
D:6:      layout_rooms, gammafunk_temple_overflow_pools,
          lemuel_temple_firewalk_b, serial_shops, nicolae_square_shop,
          corexii_shack, grunt_ministairs_2, nicolae_shop_i_like_big_books,
          uniq_grinder, uniq_prince_ribbit1

Skill      XL: |  1  2  3  4  5  6  7  8  9 |
---------------+----------------------------+-----
Dodging        | 3 4 5 |  5.0
Axes           | 4 |  4.9
Fighting       | 5 6 7 |  7.5
Polearms       | 2 5 7 8 |  8.8
Stealth        | 1 2 |  2.0
Throwing       | 1 2 |  2.2
Ranged Weapons | |  0.7

Action                   |  1- 3 |  4- 6 |  7- 9 || total
-------------------------+-------+-------+-------++-------
Melee: Hand axe          |    99 |    17 |       ||   116
       Punch             |     1 |       |       ||     1
       Halberd           |       |    45 |   218 ||   263
 Fire: Sling             |       |       |     6 ||     6
Throw: Dart              |       |       |     3 ||     3
Invok: Berserk           |     2 |     4 |     6 ||    12
  Use: Scroll            |       |     6 |     3 ||     9
 Stab: Sleeping          |       |       |     8 ||     8
Armor: Animal skin       |    42 |     9 |    75 ||   126
Dodge: Dodged            |    90 |    52 |   168 ||   310
